 Dungeon Crawl Stone Soup version 0.31-a0-426-g3a05650e59 (webtiles) character file.

Game seed: 4882900535509723709

1085 LeprechaunX the Changeling (level 8, 0/50 HPs)
             Began as an Octopode Shapeshifter on July 31, 2023.
             Was an Initiate of Hepliaklqana.
             Slain by an orc warrior
             ... wielding a +0 halberd
              (23 damage)
             ... on level 6 of the Dungeon.
             The game lasted 00:05:33 (4763 turns).

LeprechaunX the Changeling (Octopode Shapeshifter)  Turns: 4763, Time: 00:05:34

Health: 0/50       AC: 13    Str: 17    XL:     8   Next: 30%
Magic:  8/8        EV: 14    Int: 10    God:    Hepliaklqana [......]
Gold:   327        SH:  0    Dex: 12    Spells: 7/7 levels left

rFire   + . .        i - +2 short sword (speed)
rCold   . . .        (no shield)
rNeg    . . .        (helmet currently unavailable)
rPois   .            (no amulet)
rElec   .            j - +4 ring of slaying
rCorr   .            e - ring of flight
SInv    .            w - +4 ring of protection
Will    .....        x - +4 ring of protection
Stlth   +++          v - ring of protection from fire
HPRegen 0.28/turn    A - +4 ring of protection
MPRegen 0.11/turn    (no ring)
                     (no ring)

%: no passive effects
@: beast-form, flying
A: beast (slay +5), almost no armour, amphibious, 8 rings, camouflage 1,
gelatinous body 1, nimble swimmer 1, tentacles
a: Begin Untransformation, Renounce Religion


You were on level 6 of the Dungeon.
You worshipped Hepliaklqana.
Hepliaklqana was noncommittal.
You were a hulking beast.
You visited 1 branch of the dungeon, and saw 6 of its levels.

You collected 327 gold pieces.

Inventory:

Hand Weapons
 i - a +2 short sword of speed (weapon)
Missiles
 c - a datura-tipped dart (quivered)
Jewellery
 e - a ring of flight (right tentacle)
 j - a +4 ring of slaying (left tentacle)
 v - a ring of protection from fire (on tentacle)
 w - a +4 ring of protection (on tentacle)
 x - a +4 ring of protection (on tentacle)
 A - a +4 ring of protection (on tentacle)
Talismans
 b - a beast talisman (active)
 h - a serpent talisman
 s - a maw talisman
Wands
 p - a wand of light (3)
 r - a wand of flame (17)
 t - a wand of polymorph (4)
Scrolls
 d - a scroll of blinking {unknown}
 f - a scroll of fear {unknown}
 l - 2 scrolls of enchant weapon {unknown}
 m - a scroll of identify {unknown}
 o - 2 scrolls of immolation {unknown}
 q - a scroll of vulnerability {unknown}
 y - a scroll of fog {unknown}
 z - a scroll of teleportation {unknown}
Potions
 a - a potion of lignification
 g - a potion of brilliance {unknown}
 k - a potion of enlightenment {unknown}
 n - a potion of degeneration {unknown}
 u - 2 potions of might {unknown}


   Skills:
 - Level 2.0 Fighting
 - Level 4.0 Dodging
 - Level 4.0 Unarmed Combat
 + Level 7.5 Shapeshifting


You had 7 spell levels left.
You didn't know any spells.
Your spell library contained the following spells:

 Spells                   Type           Power      Damage    Failure   Level
 Summon Small Mammal      Summ           0%         N/A       36%         1
 Call Canine Familiar     Summ           0%         N/A       75%         3
 Summon Guardian Golem    Hex/Summ       0%         N/A       75%         3


Dungeon Overview and Level Annotations

Branches:
Dungeon (6/15)
 Temple: D:4-7

Altars:
Ashenzari
Fedhas
Hepliaklqana
Nemelex Xobeh
Xom

Shops:
D:6 ![


Innate Abilities, Weirdness & Mutations

You are a hulking beast.
Your limbs bulge with bestial killing power. (Slay +5)
You cannot wear most types of armour.
You are amphibious.
You can wear up to eight rings at the same time.
Your skin changes colour to match your surroundings (Stealth+).
Your rubbery body absorbs attacks. (AC +1, EV +1)
You are camouflaged when in or above water. (Stealth+)
You have tentacles for arms and can constrict up to eight enemies at once.


Message History

The orc closely misses you.
You puncture the orc!
You kill the orc!
The orc closely misses you. The orc misses you.
You see here a +0 short sword.
You puncture the orc!
You kill the orc!
You hear a splash. x2
Things that are here:
a +0 trident; a +0 leather armour An orc warrior comes into view.
It is wielding a +0 halberd.
An orc warrior is nearby!
Throw: 4 darts (datura)
Press: ? - help, Q - select action, (/) - cycle Shift-Dir - straight line, f/p - orc priest
Aim: an orc priest, wielding a +0 short sword (wandering, hasn't noticed you, 66% to hit, chance to frenzy on hit: 75%)
You throw a datura-tipped dart.
The datura-tipped dart closely misses the orc priest.
The orc warrior shouts!
The orc priest shouts!
The orc priest looks satisfied for a moment.
The orc priest invokes the aid of Beogh against you.
Beogh smites you!
Throw: 3 darts (datura)
Press: ? - help, Q - select action, (/) - cycle Shift-Dir - straight line, f - orc warrior
Aim: an orc warrior, wielding a +0 halberd and wearing a +0 plate armour (66% to hit, chance to frenzy on hit: 51%)
You throw a datura-tipped dart.
The datura-tipped dart hits the orc warrior.
The orc warrior resists.
There is an entrance to Iqiupt's Antique Armour Emporium here.
The orc priest looks encouraged for a moment.
Throw: 2 darts (datura)
Press: ? - help, Q - select action, (/) - cycle Shift-Dir - straight line, f/p - orc warrior
Aim: an orc warrior, wielding a +0 halberd and wearing a +0 plate armour (66% to hit, chance to frenzy on hit: 51%)
You throw a datura-tipped dart.
The datura-tipped dart hits the orc warrior.
The orc warrior flies into a frenzy!
You hear a splash.
The orc warrior hits you from afar with a +0 halberd!
The orc warrior hits you from afar with a +0 halberd!!
You die...

#.................#
#.................#
#...(..............
#....#############.
#....# #...o###
#...≈≈≈## #..(≈~≈≈#
#...)o≈h# #..~~≈≈≈#
#...≈≈≈## ##.....#
#.....#
###########.....#
................#
................#
..............###


You could see an orc priest and a neutral orc warrior (fast, strong, insane).

Vanquished Creatures
  A water moccasin (D:5)
  A black bear (D:5)
  2 ice beasts (D:5)
  An ogre (D:5)
  A phantom (D:5)
  A scorpion (D:5)
  A howler monkey (D:5)
  A hound (D:5)
  2 sleepcaps (D:5)
  An iguana (D:4)
  6 orc wizards
  6 adders
  A shadow imp (D:4)
  2 worms
  2 dart slugs
  20 orcs
  7 endoplasms
  5 giant cockroaches
  7 goblins
  7 hobgoblins
  6 jackals
  9 kobolds
  4 quokkas
  8 ball pythons
  7 bats
  3 frilled lizards
  9 rats
121 creatures vanquished.

Notes
Turn   | Place    | Note
-------+----------+-------------------------------------------
     0 | D:1      | LeprechaunX the Octopode Shapeshifter began the quest for
                  | the Orb.
     0 | D:1      | Reached XP level 1. HP: 13/13 MP: 1/1
   105 | D:1      | Reached XP level 2. HP: 18/18 MP: 2/2
   249 | D:1      | Reached XP level 3. HP: 12/23 MP: 3/3
   425 | D:1      | Found a faded altar of an unknown god.
   955 | D:2      | Reached XP level 4. HP: 21/29 MP: 4/4
  1646 | D:3      | Found a blossoming altar of Fedhas.
  1648 | D:3      | Found a broken altar of Ashenzari.
  2295 | D:4      | Found a sparkling altar of Nemelex Xobeh.
  2367 | D:4      | Reached XP level 5. HP: 34/34 MP: 5/5
  2494 | D:4      | Identified the +0 robe of Circular Logic {rElec Regen+
                  | Dex-5}
  2527 | D:4      | Reached skill level 4 in Shapeshifting
  2965 | D:4      | Reached XP level 6. HP: 39/39 MP: 6/6
  3149 | D:5      | Entered Level 5 of the Dungeon
  3181 | D:5      | Found a shimmering altar of Xom.
  3312 | D:5      | Found a hazy altar of Hepliaklqana.
  3372 | D:5      | Noticed a black bear
  3381 | D:5      | Reached skill level 5 in Shapeshifting
  3395 | D:5      | Reached XP level 7. HP: 34/45 MP: 7/7
  3496 | D:5      | Reached skill level 6 in Shapeshifting
  3747 | D:5      | Reached XP level 8. HP: 45/50 MP: 8/8
  3811 | D:5      | Reached skill level 7 in Shapeshifting
  4553 | D:5      | Became a worshipper of Hepliaklqana the Forgotten
  4617 | D:6      | Found Iqiupt's Antique Armour Emporium.
  4633 | D:6      | Found Miffus's Distillery.
  4763 | D:6      | Slain by an orc warrior

Illustrated notes

Levels and vault maps discovered:
D:1:      dpeg_chamrin_arrival_tetris, layout_basic,
          ebering_ecumenical_altar_sacrificial, st_stairs_1
D:2:      layout_basic, nicolae_concentric_dashed_squares_wild,
          patterned_corridor
D:3:      layout_basic, jmf_multi_god_temple, grunt_decor_junction
D:4:      layout_loops_cross, nemelex_dance_club_becter, grunt_ministairs_5,
          minmay_door_square, chequers_arboretum
D:5:      minmay_diamond_boxcup, layout_loops_ring,
          mainiacjoe_overflow_24_doors, nicolae_hepliaklqana_hippocampus
D:6:      lemuel_slime, layout_basic, serial_shops, nicolae_shop_waterfront,
          shop, nicolae_shop_hallway_stairs, nicolae_shop_just_a_little_nook,
          nicolae_shop_statue_plus

Skill      XL: |  1  2  3  4  5  6  7  8 |
---------------+-------------------------+-----
Fighting       | 2 |  2.0
Unarmed Combat | 4 |  4.0
Dodging        | 3 4 |  4.0
Shapeshifting  | 4 5 6 7 |  7.5

Action                     |  1- 3 |  4- 6 |  7- 9 || total
---------------------------+-------+-------+-------++-------
  Melee: Unarmed           |    47 |       |       ||    47
         Constrict         |    23 |    30 |     6 ||    59
         Tentacles         |     8 |    16 |    11 ||    35
         Short sword       |    19 |   101 |    63 ||   183
         Punch             |     2 |     4 |       ||     6
  Throw: Dart              |       |       |     4 ||     4
    Use: Potion            |       |       |     1 ||     1
   Stab: Sleeping          |     5 |    13 |     2 ||    20
         Distracted        |       |     1 |       ||     1
 Armour: Skin              |     8 |     5 |    21 ||    34
  Dodge: Dodged            |    41 |    38 |    22 ||   101

Table legend: (Time is in decaauts)
 A = Elapsed time spent in this place.
 B = Non-inter-level travel time spent in this place.
 C = Inter-level travel time spent in this place.
 D = Time resting spent in this place.
 E = Time spent auto-exploring this place.
 F = Levels seen in this place.
 G = Mean time per level.
                   A        B        C        D        E       F      G
               +--------+--------+--------+--------+--------+-----+--------+
         Total |   4694 |   4449 |    245 |    383 |   3428 |   6 |  782.3 |
       Dungeon |   4694 |   4449 |    245 |    383 |   3428 |   6 |  782.3 |
               +--------+--------+--------+--------+--------+-----+--------+

Top non-repeatable levels by time:
     D:5: 1399 daAuts
     D:4: 968 daAuts
     D:2: 807 daAuts
     D:1: 755 daAuts
     D:3: 581 daAuts
     D:6: 182 daAuts
